 Dungeon Crawl Stone Soup version 0.22-a0-448-g1fb7470 (webtiles) character file.

103 grizmgrazm2 the Chopper (level 4, -1/41 HPs)
             Began as a Minotaur Monk on June 4, 2018.
             Killed from afar by Zgarb's ghost (5 damage)
             ... with a magic dart
             ... on level 4 of the Dungeon.
             The game lasted 00:05:12 (3204 turns).

grizmgrazm2 the Chopper (Minotaur Monk)             Turns: 3204, Time: 00:05:13

Health: -1/41      AC:  6    Str: 16    XL:     4   Next: 51%
Magic:  3/3        EV: 12    Int:  7    God:
Gold:   153        SH:  0    Dex: 13    Spells: 3/3 levels left

rFire    x . .     SeeInvis .   a - +0 hand axe
rCold    + . .     Gourm    .   (no shield)
rNeg     . . .     Faith    .   p - +0 ring mail
rPois    +         Spirit   .   (helmet restricted)
rElec    .         Reflect  .   b - +0 cloak
rCorr    .         Harm     .   (no gloves)
MR       .....                  (no boots)
Stlth    +.........             (no amulet)
HPRegen  0.13/turn              g - ring of poison resistance
MPRegen  0.08/turn              j - ring of ice

@: no status effects
A: retaliatory headbutt, horns 2
a: no special abilities


You were on level 4 of the Dungeon.
You were not hungry.

You visited 1 branch of the dungeon, and saw 4 of its levels.

You collected 153 gold pieces.

Inventory:

Hand Weapons
 a - a +0 hand axe (weapon)
Armour
 b - a +0 cloak (worn)
 p - a +0 ring mail (worn)
Jewellery
 g - a ring of poison resistance (left hand)
 j - a ring of ice (right hand)
Scrolls
 d - 2 scrolls of remove curse {unknown}
 e - 2 scrolls of magic mapping
 k - a scroll of fog {unknown}
 l - a scroll of noise {unknown}
 m - a scroll of teleportation {unknown}
 n - a scroll of fear {unknown}
 o - 2 scrolls of identify {unknown}
Potions
 i - a potion of lignification
Comestibles
 c - 3 rations


   Skills:
 + Level 4.6 Fighting
 + Level 5.1 Axes
 + Level 0.7 Armour
 + Level 4.0 Dodging
 - Level 1.5 Stealth


You had 3 spell levels left.
You didn't know any spells.
Your spell library was empty.

Dungeon Overview and Level Annotations

Branches:
Dungeon (4/15)
 Temple: D:4-7

Altars:
Gozag
Kikubaaqudgha
Xom

Annotations:
D:4 Zgarb's ghost, amateur GnWz


Innate Abilities, Weirdness & Mutations

You reflexively headbutt those who attack you in melee.
You have a pair of horns on your head.


Message History

Zgarb's ghost hits you.
You barely miss Zgarb's ghost. Your headbutt misses Zgarb's ghost.
Zgarb's ghost is lightly damaged.
Zgarb's ghost whispers, "Everlasting silence awaits you..."
Zgarb's ghost barely misses you.
You miss Zgarb's ghost. Your headbutt misses Zgarb's ghost.
Zgarb's ghost is lightly damaged.
Zgarb's ghost points at you and mumbles some strange words.
The magic dart hits you!
* * * LOW HITPOINT WARNING * * *
You closely miss Zgarb's ghost. Your headbutt misses Zgarb's ghost.
Zgarb's ghost is lightly damaged.
Zgarb's ghost hits you.
* * * LOW HITPOINT WARNING * * *
Zgarb's ghost gestures at you while chanting.
The magic dart hits you!
* * * LOW HITPOINT WARNING * * *
Zgarb's ghost casts a spell at you. The magic dart hits you!
You die...

.. ..
#######.###
#......>#.#
#.#.......#
#....W..#
#..#.. .
#.[#.## ...
#@.#..#....#
#<......#
#####.#.# .#
##


You could see Zgarb's ghost.

Vanquished Creatures
  Crazy Yiuf (D:3)
  3 adders
  2 dart slugs (D:1)
  2 leopard geckos (D:3)
  A ball python (D:3)
  A giant cockroach (D:3)
  5 goblins
  3 hobgoblins (D:1)
  4 jackals (D:1)
  7 kobolds
  A quokka (D:3)
  5 bats
  A frilled lizard (D:1)
  6 rats
42 creatures vanquished.

Notes
Turn   | Place    | Note
-------+----------+-------------------------------------------
     0 | D:1      | grizmgrazm2 the Minotaur Monk began the quest for the Orb.
     0 | D:1      | Reached XP level 1. HP: 19/19 MP: 0/0
   103 | D:1      | Found a shimmering altar of Xom.
   105 | D:1      | Found a hazy altar of Hepliaklqana.
   105 | D:1      | Found a shimmering altar of Xom.
   106 | D:1      | Reached XP level 2. HP: 24/27 MP: 1/1
   108 | D:1      | Found an opulent altar of Gozag.
   108 | D:1      | Found an ancient bone altar of Kikubaaqudgha.
   108 | D:1      | Found an ancient bone altar of Kikubaaqudgha.
   204 | D:1      | Reached skill level 4 in Axes
   945 | D:2      | Reached XP level 3. HP: 22/33 MP: 2/2
  2262 | D:3      | Found a runed door.
  2378 | D:3      | Reached XP level 4. HP: 41/41 MP: 3/3
  2526 | D:3      | Noticed Crazy Yiuf
  2545 | D:3      | Killed Crazy Yiuf
  2545 | D:3      | Reached skill level 5 in Axes
  2886 | D:4      | Noticed Zgarb's ghost (amateur GnWz)
  3204 | D:4      | Killed from afar by Zgarb's ghost

Vault maps used:
D:1:      dpeg_arrival_rooms_c, doesnt_xom_only_xom
D:3:      uniq_crazy_yiuf_cottage
D:4:      kennysheep_kobold_camp, first_ration, portal_sewer_entry_e

Skill      XL: |  1  2  3  4 |
---------------+-------------+-----
Axes           | 4 5 |  5.1
Fighting       | 4 |  4.6
Dodging        | 4 |  4.0
Armour         | |  0.7
Stealth        | |  1.5

Action                   |  1- 3 |  4- 6 || total
-------------------------+-------+-------++-------
Melee: Hand axe          |    89 |    46 ||   135
       Headbutt          |    10 |     1 ||    11
  Use: Scroll            |     2 |       ||     2
       Potion            |       |     3 ||     3
 Stab: Sleeping          |     4 |       ||     4
       Invisible         |       |     2 ||     2
  Eat: Ration            |     1 |     1 ||     2
       Chunk             |     1 |     1 ||     2
Armor: Robe              |     6 |       ||     6
       Ring mail         |     6 |    10 ||    16
       Skin              |       |     5 ||     5
Dodge: Dodged            |    68 |    13 ||    81

Table legend:
 A = Spawn XP
 B = Non-spawn XP
 C = Spawn XP percentage of total XP
 D = Spawn monster count
 E = Non-spawn monster count
 F = Spawn count percentage of total count
 G = Total turns spent on level
                    A         B        C        D         E        F      G
               +---------+---------+-------+---------+---------+-------+---------
         Total |       0 |     148 |   0.0 |       0 |      42 |   0.0 |  3204
               +---------+---------+-------+---------+---------+-------+---------
           D:1 |       0 |      39 |   0.0 |       0 |      20 |   0.0 |   897
           D:2 |       0 |      23 |   0.0 |       0 |       8 |   0.0 |   794
           D:3 |       0 |      86 |   0.0 |       0 |      14 |   0.0 |  1463
               +---------+---------+-------+---------+---------+-------+---------
